| TOP OF THE 1ST |
|
Niagara Falls Phantoms batting - Pitching for Trois-Riveres Aigles : RHP Jason Cheek
|
|
Pitching: RHP Jason Cheek
|
|
|
Batting: LHB Aaron Joyner
|
0-0: Called Strike 0-1: Ball 1-1: Swinging Strike 1-2: Foul Ball, location: 2F 1-2: Ball 2-2: Ball 3-2: DOUBLE (Line Drive, 7LD, EV 106.3 MPH)
|
|
Batting: RHB Devon Utley
|
0-0: Ball 1-0: Called Strike 1-1: Ball 2-1: Ground out 5-3 (Groundball, 5, EV 104.4 MPH)
|
|
Batting: LHB Jose Lebron
|
0-0: Called Strike 0-1: Ball 1-1: Fly out, F2 (Popup, 5SF, EV 83.8 MPH)
|
|
Batting: SHB Mukhtar Wa'il
|
0-0: Ball 1-0: Called Strike 1-1: Foul Ball, location: 2F 1-2: Ball 2-2: Fly out, F9 (Flyball, 89M, EV 89.4 MPH)
|
| Top of the 1st over - 0 runs, 1 hit, 0 errors, 1 left on base; Niagara Falls 0 - Trois-Riveres 0 |
| BOTTOM OF THE 1ST |
|
Trois-Riveres Aigles batting - Pitching for Niagara Falls Phantoms : LHP Joel Pacheco
|
|
Pitching: LHP Joel Pacheco
|
|
|
Batting: LHB Jonathan Spino
|
0-0: Swinging Strike 0-1: Ball 1-1: Ground out U3 (Groundball, 3, EV 105.6 MPH)
|
|
Batting: LHB Harris Vink
|
0-0: Foul Ball, location: 2F 0-1: Ball 1-1: Foul Ball, location: 2F 1-2: Strikes out swinging
|
|
Batting: RHB Sesto Carpini
|
0-0: Ball 1-0: Fly out, F9 (Flyball, 9D, EV 103.8 MPH)
|
| Bottom of the 1st over - 0 runs, 0 hits, 0 errors, 0 left on base; Niagara Falls 0 - Trois-Riveres 0 |
| TOP OF THE 2ND |
|
Niagara Falls Phantoms batting - Pitching for Trois-Riveres Aigles : RHP Jason Cheek
|
|
Batting: SHB Edwin Dominguez
|
0-0: Ball 1-0: Fly out, F8 (Flyball, 8RS, EV 86.3 MPH)
|
|
Batting: LHB Bart Davies
|
0-0: SINGLE (Groundball, 4MD, EV 105.0 MPH)
|
|
Batting: RHB Dale Altman
|
0-0: Called Strike 0-1: Swinging Strike 0-2: Strikes out looking
|
|
Batting: RHB Mark Stafford
|
0-0: SINGLE (Line Drive, 6D, EV 95.0 MPH) Bart Davies to second
|
|
Batting: SHB David Stewart
|
0-0: Ball 1-0: Ball 2-0: Swinging Strike 2-1: Foul Ball, location: 2F 2-2: Reached on error, E5 (Groundball, 56S, EV 71.9 MPH) Bart Davies to third Mark Stafford to second
|
|
Batting: LHB Aaron Joyner
|
0-0: Ball 1-0: Ball 2-0: Called Strike 2-1: Ground out 4-3 (Groundball, 4, EV 89.4 MPH)
|
| Top of the 2nd over - 0 runs, 2 hits, 1 error, 3 left on base; Niagara Falls 0 - Trois-Riveres 0 |
| BOTTOM OF THE 2ND |
|
Trois-Riveres Aigles batting - Pitching for Niagara Falls Phantoms : LHP Joel Pacheco
|
|
Batting: LHB Darryl Gonnella
|
0-0: Foul Ball, location: 2F 0-1: Foul Ball, location: 2F 0-2: Fly out, F8 (Flyball, 8LD, EV 94.4 MPH)
|
|
Batting: RHB Dave Galloway
|
0-0: Swinging Strike 0-1: Ball 1-1: Swinging Strike 1-2: Ball 2-2: Ball 3-2: Strikes out swinging
|
|
Batting: SHB Joshua Jackson
|
0-0: Called Strike 0-1: Ball 1-1: Foul Ball, location: 2F 1-2: Foul Ball, location: 2F 1-2: Strikes out looking
|
| Bottom of the 2nd over - 0 runs, 0 hits, 0 errors, 0 left on base; Niagara Falls 0 - Trois-Riveres 0 |
| TOP OF THE 3RD |
|
Niagara Falls Phantoms batting - Pitching for Trois-Riveres Aigles : RHP Jason Cheek
|
|
Batting: RHB Devon Utley
|
0-0: Called Strike 0-1: Swinging Strike 0-2: Ball 1-2: Foul Ball, location: 2F 1-2: Strikes out swinging
|
|
Batting: LHB Jose Lebron
|
0-0: Ball 1-0: SOLO HOME RUN (Flyball, 9LD, EV 96.3 MPH), Distance : 351 ft
|
|
Batting: SHB Mukhtar Wa'il
|
0-0: Called Strike 0-1: Called Strike 0-2: Foul Ball, location: 2F 0-2: Ground out U3 (Groundball, 3L, EV 84.4 MPH)
|
|
Batting: SHB Edwin Dominguez
|
0-0: Ball 1-0: Called Strike 1-1: Foul Ball, location: 2F 1-2: Fly out, F8 (Flyball, 8LXD, EV 101.9 MPH)
|
| Top of the 3rd over - 1 run, 1 hit, 0 errors, 0 left on base; Niagara Falls 1 - Trois-Riveres 0 |
| BOTTOM OF THE 3RD |
|
Trois-Riveres Aigles batting - Pitching for Niagara Falls Phantoms : LHP Joel Pacheco
|
|
Batting: RHB Nelle Lommen
|
0-0: Called Strike 0-1: Foul Ball, location: 2F 0-2: Ball 1-2: Strikes out looking
|
|
Batting: RHB Jason Penfield
|
0-0: Ball 1-0: Foul Ball, location: 2F 1-1: Reached on error, E6 (Groundball, 6, EV 88.1 MPH)
|
|
Batting: RHB Josh Harmon
|
0-0: Ball 1-0: Called Strike 1-1: Ball 2-1: Foul Ball, location: 2F 2-2: Foul Ball, location: 2F 2-2: Foul Ball, location: 2F 2-2: Strikes out swinging
|
|
Batting: LHB Jonathan Spino
|
0-0: Called Strike 0-1: Ball 1-1: Swinging Strike 1-2: Ball 2-2: Strikes out looking
|
| Bottom of the 3rd over - 0 runs, 0 hits, 1 error, 1 left on base; Niagara Falls 1 - Trois-Riveres 0 |
| TOP OF THE 4TH |
|
Niagara Falls Phantoms batting - Pitching for Trois-Riveres Aigles : RHP Jason Cheek
|
|
Batting: LHB Bart Davies
|
0-0: Called Strike 0-1: Fly out, F8 (Flyball, 8RXD, EV 106.3 MPH)
|
|
Batting: RHB Dale Altman
|
0-0: Ball 1-0: Ground out 3-1 (Groundball, 34, EV 83.1 MPH)
|
|
Batting: RHB Mark Stafford
|
0-0: SINGLE (Groundball, 6D, EV 104.4 MPH)
|
|
Batting: SHB David Stewart
|
0-0: Called Strike 0-1: Called Strike 0-2: Strikes out swinging
|
| Top of the 4th over - 0 runs, 1 hit, 0 errors, 1 left on base; Niagara Falls 1 - Trois-Riveres 0 |
| BOTTOM OF THE 4TH |
|
Trois-Riveres Aigles batting - Pitching for Niagara Falls Phantoms : LHP Joel Pacheco
|
|
Batting: LHB Harris Vink
|
0-0: Foul Ball, location: 2F 0-1: Ball 1-1: Foul Ball, location: 2F 1-2: Ball 2-2: Strikes out swinging
|
|
Batting: RHB Sesto Carpini
|
0-0: Ground out 4-3 (Groundball, 4, EV 88.8 MPH)
|
|
Batting: LHB Darryl Gonnella
|
0-0: Ball 1-0: Fly out, F4 (Line Drive, 4, EV 63.8 MPH)
|
| Bottom of the 4th over - 0 runs, 0 hits, 0 errors, 0 left on base; Niagara Falls 1 - Trois-Riveres 0 |
| TOP OF THE 5TH |
|
Niagara Falls Phantoms batting - Pitching for Trois-Riveres Aigles : RHP Jason Cheek
|
|
Batting: LHB Aaron Joyner
|
0-0: Ball 1-0: Swinging Strike 1-1: Foul Ball, location: 2F 1-2: Ball 2-2: SINGLE (Groundball, 56D, EV 96.3 MPH)
|
|
Batting: RHB Devon Utley
|
0-0: Called Strike 0-1: Called Strike 0-2: Ball 1-2: Ball 2-2: Strikes out swinging
|
|
Batting: LHB Jose Lebron
|
0-0: Swinging Strike 0-1: Ball Aaron Joyner is caught stealing 2nd base 2-6 1-1: Called Strike 1-2: Strikes out swinging
|
| Top of the 5th over - 0 runs, 1 hit, 0 errors, 0 left on base; Niagara Falls 1 - Trois-Riveres 0 |
| BOTTOM OF THE 5TH |
|
Trois-Riveres Aigles batting - Pitching for Niagara Falls Phantoms : LHP Joel Pacheco
|
|
Batting: RHB Dave Galloway
|
0-0: DOUBLE (Line Drive, 7D, EV 96.9 MPH)
|
|
Batting: SHB Joshua Jackson
|
0-0: Ball 1-0: Called Strike 1-1: Ball 2-1: Ground out U3 (Groundball, 3, EV 104.4 MPH) Dave Galloway to third
|
|
Batting: RHB Nelle Lommen
|
0-0: Ball 1-0: Fly out, F7 (Line Drive, 78M, EV 94.4 MPH) Runner from 3rd tags up, SCORES, throw by LF
|
|
Batting: RHB Jason Penfield
|
0-0: Called Strike 0-1: Ball 1-1: Foul Ball, location: 2F 1-2: Strikes out looking
|
| Bottom of the 5th over - 1 run, 1 hit, 0 errors, 0 left on base; Niagara Falls 1 - Trois-Riveres 1 |
| TOP OF THE 6TH |
|
Niagara Falls Phantoms batting - Pitching for Trois-Riveres Aigles : RHP Jason Cheek
|
|
Batting: SHB Mukhtar Wa'il
|
0-0: Called Strike 0-1: Foul Ball, location: 2F 0-2: Ball 1-2: Fly out, F8 (Line Drive, 8LM, EV 93.1 MPH)
|
|
Batting: SHB Edwin Dominguez
|
0-0: Ball 1-0: Swinging Strike 1-1: Foul Ball, location: 2F 1-2: Strikes out swinging
|
|
Batting: LHB Bart Davies
|
0-0: Ball 1-0: Ball 2-0: Ground out 1-3 (Groundball, 13S, EV 71.3 MPH)
|
| Top of the 6th over - 0 runs, 0 hits, 0 errors, 0 left on base; Niagara Falls 1 - Trois-Riveres 1 |
| BOTTOM OF THE 6TH |
|
Trois-Riveres Aigles batting - Pitching for Niagara Falls Phantoms : LHP Joel Pacheco
|
|
Batting: RHB Josh Harmon
|
0-0: Ball 1-0: SINGLE (Groundball, 6S, EV 66.9 MPH) (infield hit)
|
|
Batting: LHB Jonathan Spino
|
0-0: Foul Ball, location: 2F 0-1: Called Strike 0-2: Ball 1-2: Strikes out swinging
|
|
Batting: LHB Harris Vink
|
0-0: Fly out, F4 (Popup, 4S, EV 80.0 MPH)
|
|
Batting: RHB Sesto Carpini
|
0-0: Foul Ball, location: 2F 0-1: Fly out, F8 (Flyball, 8RM, EV 77.5 MPH)
|
| Bottom of the 6th over - 0 runs, 1 hit, 0 errors, 1 left on base; Niagara Falls 1 - Trois-Riveres 1 |
| TOP OF THE 7TH |
|
Niagara Falls Phantoms batting - Pitching for Trois-Riveres Aigles : RHP Jason Cheek
|
|
Batting: RHB Dale Altman
|
0-0: Ball 1-0: Ball 2-0: Swinging Strike 2-1: Ball 3-1: Foul Ball, location: 2F 3-2: Strikes out swinging
|
|
Batting: RHB Mark Stafford
|
0-0: SINGLE (Line Drive, 6MD, EV 96.9 MPH)
|
|
Batting: SHB David Stewart
|
0-0: Called Strike 0-1: Swinging Strike 0-2: Strikes out swinging
|
|
Batting: LHB Aaron Joyner
|
0-0: Ball 1-0: Called Strike 1-1: Ball 2-1: Called Strike 2-2: Strikes out swinging
|
| Top of the 7th over - 0 runs, 1 hit, 0 errors, 1 left on base; Niagara Falls 1 - Trois-Riveres 1 |
| BOTTOM OF THE 7TH |
|
Trois-Riveres Aigles batting - Pitching for Niagara Falls Phantoms : LHP Joel Pacheco
|
|
Batting: LHB Darryl Gonnella
|
0-0: Called Strike 0-1: Ball 1-1: SINGLE (Groundball, 6MD, EV 106.9 MPH)
|
|
Batting: RHB Dave Galloway
|
0-0: Ball 1-0: Called Strike 1-1: Ball 2-1: Fly out, F8 (Flyball, 8RM, EV 95.0 MPH)
|
|
Batting: SHB Joshua Jackson
|
0-0: Ball 1-0: Ball 2-0: Called Strike 2-1: Swinging Strike 2-2: Strikes out looking
|
|
Batting: RHB Nelle Lommen
|
0-0: Called Strike 0-1: Ball 1-1: Ball 2-1: Called Strike 2-2: Strikes out swinging
|
| Bottom of the 7th over - 0 runs, 1 hit, 0 errors, 1 left on base; Niagara Falls 1 - Trois-Riveres 1 |
| TOP OF THE 8TH |
|
Niagara Falls Phantoms batting - Pitching for Trois-Riveres Aigles : RHP Jason Cheek
|
|
Batting: RHB Devon Utley
|
0-0: Fly out, F8 (Flyball, 8LM, EV 96.3 MPH)
|
|
Batting: LHB Jose Lebron
|
0-0: Called Strike 0-1: Ball 1-1: Called Strike 1-2: Fly out, F2 (Popup, 2RF, EV 94.4 MPH)
|
|
Batting: SHB Mukhtar Wa'il
|
0-0: Ball 1-0: Ground out 4-3 (Groundball, 4, EV 102.5 MPH)
|
| Top of the 8th over - 0 runs, 0 hits, 0 errors, 0 left on base; Niagara Falls 1 - Trois-Riveres 1 |
| BOTTOM OF THE 8TH |
|
Trois-Riveres Aigles batting - Pitching for Niagara Falls Phantoms : LHP Joel Pacheco
|
|
Batting: RHB Jason Penfield
|
0-0: Ball 1-0: Called Strike 1-1: Reached on error, E6 (Groundball, 6, EV 101.3 MPH)
|
|
Batting: RHB Josh Harmon
|
0-0: Called Strike 0-1: Called Strike 0-2: Strikes out swinging
|
|
Batting: LHB Jonathan Spino
|
0-0: Ball 1-0: Ball 2-0: Called Strike 2-1: Called Strike 2-2: Strikes out looking
|
|
Pitching: RHP Isaias Chavez
|
|
|
Batting: LHB Harris Vink
|
0-0: Called Strike 0-1: Foul Ball, location: 2F 0-2: Strikes out swinging
|
| Bottom of the 8th over - 0 runs, 0 hits, 1 error, 1 left on base; Niagara Falls 1 - Trois-Riveres 1 |
| TOP OF THE 9TH |
|
Niagara Falls Phantoms batting - Pitching for Trois-Riveres Aigles : RHP Jason Cheek
|
|
Batting: SHB Edwin Dominguez
|
0-0: Called Strike 0-1: SINGLE (Line Drive, 7S, EV 96.9 MPH)
|
|
Batting: LHB Bart Davies
|
0-0: Bunted foul 0-1: Ball 1-1: Bunted foul 1-2: Grounds into double play, 6-4-3 (Groundball, 6, EV 101.3 MPH)
|
|
Pinch Hitting: LHB Victor Fiallos
|
0-0: Called Strike 0-1: Called Strike 0-2: Strikes out swinging
|
| Top of the 9th over - 0 runs, 1 hit, 0 errors, 0 left on base; Niagara Falls 1 - Trois-Riveres 1 |
| BOTTOM OF THE 9TH |
|
Trois-Riveres Aigles batting - Pitching for Niagara Falls Phantoms : RHP Isaias Chavez
|
|
Now at 3B: Christian Shearer
|
|
|
Pinch Hitting: SHB Ray Luna
|
0-0: Ball 1-0: Ball 2-0: Called Strike 2-1: Ball 3-1: DOUBLE (Line Drive, 3D, EV 105.0 MPH)
|
|
Batting: LHB Darryl Gonnella
|
0-0: Intentional Walk
|
|
Batting: RHB Dave Galloway
|
0-0: Foul Ball, location: 2F 0-1: Foul Ball, location: 2F 0-2: Ball 1-2: Strikes out swinging
|
|
Pinch Hitting: RHB T.J. Spina
|
0-0: Swinging Strike 0-1: Called Strike Ray Luna steals 3rd base Darryl Gonnella to second 0-2: Foul Ball, location: 2F 0-2: Strikes out swinging
|
|
Pinch Hitting: LHB Dave Northam
|
0-0: Intentional Walk
|
|
Pinch Hitting: LHB Oscar Curiel
|
0-0: Ball 1-0: Foul Ball, location: 2F 1-1: Reached on error, E5 (Groundball, 56, EV 83.8 MPH) Ray Luna scores
|
| Bottom of the 9th over - 1 run, 1 hit, 1 error, 0 left on base; Niagara Falls 1 - Trois-Riveres 2 |
| GAME OVER ... TROIS |
|
Riveres defeats Niagara Falls, 2 to 1
|
|
|